Map: Frozen Temple

Players

mariogath

  • Race: Zerg Zerg
  • League: Platinum

blackxored - Winner!

  • Race: Zerg Zerg
  • League: Platinum

VOD

Have the link to the VOD?

Description

Time

  • Played on: June 30, 2016, 3:31 a.m.
  • Length: 9:39
Show
View Real Time Build Order
Export as new Build Order

mariogath Zerg 

Build Orders: Hatch First 

Get SALT Encoding   

  12  0:01  Drone  
  13  0:12  Overlord  
  13  0:17  Drone  
  14  0:31  Drone x2  
  14  0:35  Drone  
  17  0:45  Drone  
  18  0:58  Hatchery  
  17  1:10  Spawning Pool  
  16  1:13  Extractor  
  16  1:15  Drone  
  16  1:18  Drone  
  17  1:22  Drone  
  18  1:43  Drone  
  18  1:45  Overlord  
  19  1:56  Queen  
  19  1:57  Zergling x2  
  22  2:10  Queen  
  22  2:12  Drone  
  22  2:13  Drone x2  
  27  2:32  Roach Warren  
  27  2:35  Evolution Chamber  
  25  2:41  Drone x2  
  26  2:52  Spine Crawler  
  25  3:00  Zerg Missile Weapons Level 1  
  25  3:04  Overlord  
  25  3:05  Drone  
  26  3:06  Drone x4  
  26  3:09  Extractor  
  29  3:21  Drone x3  
  29  3:22  Overlord  
  32  3:32  Drone  
  33  3:38  Overlord  
  33  3:42  Drone x5  
  33  3:45  Drone  
  39  4:04  Roach  
  39  4:05  Roach x4  
  39  4:09  Overlord  
  49  4:18  Roach  
  49  4:24  Overlord  
  51  4:28  Roach  
  51  4:29  Roach x3  
  59  4:35  Overlord  
  59  4:44  Roach x4  
  67  5:02  Roach x4  
  75  5:12  Overlord  
  75  5:18  Overlord  
  75  5:25  Lair  
  75  5:27  Zerg Ground Armor Level 1  
  75  5:38  Roach  
  75  5:39  Roach x6  
  75  5:40  Roach  
  91  5:44  Hatchery  
  58  6:36  Glial Reconstitution  
  54  6:40  Drone  
  54  6:41  Drone x11  
  66  6:48  Burrow  
  66  6:52  Extractor x2  
  64  6:57  Spore Crawler  
  64  7:00  Spore Crawler  
  60  7:05  Spore Crawler  
  52  7:08  Queen x2  
  54  7:19  Drone x3  
  54  7:20  Drone x6  
  54  7:21  Drone x4  
  67  7:26  Hydralisk Den  
  66  7:37  Spore Crawler  
  61  7:44  Queen  
  51  7:59  Roach x10  
  69  8:13  Muscular Augments  
  69  8:28  Hatchery  
  69  8:31  Hydralisk x5  
  69  8:32  Hydralisk  
  80  8:51  Hydralisk x2  
  80  8:54  Overlord x2  
Show
View Real Time Build Order
Export as new Build Order

blackxored Zerg - Winner!

Build Orders: Hatch First 

Get SALT Encoding   

  12  0:01  Drone  
  13  0:09  Drone  
  14  0:17  Overlord  
  14  0:23  Extractor  
  14  0:24  Drone  
  15  0:37  Drone x2  
  17  0:56  Hatchery  
  16  0:59  Drone  
  16  1:01  Drone  
  18  1:14  Extractor  
  18  1:17  Spawning Pool  
  16  1:18  Drone  
  16  1:20  Drone  
  18  1:27  Drone  
  19  1:39  Overlord  
  19  1:49  Drone  
  20  2:05  Zergling x2, Spine Crawler  
  20  2:06  Queen  
  20  2:07  Queen  
  24  2:09  Zergling x2  
  24  2:11  Zergling x2  
  24  2:14  Metabolic Boost  
  26  2:19  Drone  
  27  2:24  Overlord  
  27  2:31  Drone  
  29  2:41  Drone x2  
  31  3:07  Lair  
  31  3:09  Drone x5  
  36  3:15  Hatchery  
  36  3:17  Drone x3  
  38  3:21  Overlord  
  38  3:32  Drone x4  
  42  3:36  Overlord  
  42  3:39  Drone  
  43  3:43  Extractor, Drone  
  43  3:45  Drone  
  43  3:46  Extractor  
  43  3:49  Extractor  
  42  3:56  Drone  
  42  3:57  Roach Warren  
  42  3:58  Drone x3  
  45  4:10  Drone x3  
  45  4:14  Drone  
  45  4:15  Spire  
  48  4:18  Overlord  
  48  4:22  Overseer  
  48  4:32  Queen  
  48  4:34  Overlord  
  48  4:37  Drone x3  
  48  4:38  Drone x3  
  56  5:04  Overlord  
  56  5:09  Drone x4  
  56  5:10  Extractor x2, Drone x4  
  62  5:16  Roach  
  62  5:17  Roach x6  
  76  5:24  Roach  
  76  5:26  Mutalisk  
  79  5:31  Roach  
  79  5:32  Mutalisk  
  81  5:35  Mutalisk  
  83  5:43  Zergling x6  
  83  5:44  Zergling x6  
  89  5:50  Overlord x2  
  89  6:02  Zergling x10  
  87  6:06  Mutalisk x2  
  84  6:19  Glial Reconstitution  
  84  6:23  Evolution Chamber  
  84  6:24  Drone x10  
  85  6:31  Mutalisk  
  83  6:33  Drone  
  84  6:49  Zerg Missile Weapons Level 1  
  84  6:51  Overlord  
  84  6:52  Drone  
  85  7:03  Roach x7  
  85  7:07  Hatchery  
  98  7:16  Queen  
  98  7:17  Roach x5  
  98  7:19  Overlord x3  
  110  7:26  Roach x2  
  114  7:40  Roach x3  
  114  7:41  Roach x2  
  115  7:47  Drone x4  
  114  7:53  Roach x5  
  114  7:58  Drone  
  119  8:06  Roach x2  
  123  8:21  Drone x2  
  123  8:22  Drone x4  
  129  8:30  Evolution Chamber  
  129  8:31  Roach x5  
  129  8:32  Roach  
  140  8:38  Drone x2  
  140  8:39  Drone x2  
  144  8:41  Overlord x3  
  144  8:42  Overlord  
  144  8:43  Extractor  
  144  8:44  Extractor  
  144  8:46  Infestation Pit  
  141  8:50  Roach  
  141  8:51  Overlord x3  
  141  8:55  Overseer  
  143  8:57  Overlord  
  143  9:05  Drone x3  
  144  9:15  Drone  
  144  9:16  Drone x2  
  147  9:18  Drone x3  
Tags
 
Add a new tag
Caveats
  • Supply blocks, unpowered buildings, or Contaminate may cause inaccurate times.
  • Supply counts are checked every 10 seconds.